 Dungeon Crawl Stone Soup version 0.32-a0-35-gd9ff480968 (webtiles) character file.

Game seed: 4924257553537233776

1412 IdlyInterested the Carver (level 8, -4/56 HPs)
             Began as a Demonspawn Gladiator on Jan 22, 2024.
             Was an Initiate of Trog.
             Slain by a fire elemental (11 damage)
             ... summoned by a deep elf pyromancer
             ... on level 6 of the Dungeon.
             The game lasted 00:16:59 (6067 turns).

IdlyInterested the Carver (Demonspawn Gladiator)    Turns: 6067, Time: 00:17:00

Health: -4/56      AC:  9    Str: 16    XL:     8   Next: 43%
Magic:  8/8        EV:  8    Int:  9    God:    Trog [......]
Gold:   290        SH:  0    Dex: 21    Spells: 7/7 levels left

rFire   . . .        a - +0 long sword
rCold   . . .        (no shield)
rNeg    . . .        x - +0 chain mail
rPois   .            (helmet restricted)
rElec   .            o - scarf {repulsion}
rCorr   .            z - +0 pair of gloves
SInv    .            (no boots)
Will    .....        A - amulet of the acrobat Stlth
                     m - +6 ring of dexterity
HPRegen 0.29/turn    (no ring)
MPRegen 0.11/turn

%: repel missiles, acrobat
@: no status effects
A: horns 2, demonic guardian 1, condensation shield, weakness stinger 1, demonic
touch 1
a: Renounce Religion


You were on level 6 of the Dungeon.
You worshipped Trog.
Trog was noncommittal.
You visited 2 branches of the dungeon, and saw 7 of its levels.

You collected 290 gold pieces.

Inventory:

Hand Weapons
 a - a +0 long sword (weapon)
 b - a +0 falchion
 s - a +2 dagger of flaming
 w - a +1 dagger of protection
Missiles
 d - 3 throwing nets
 g - 3 poisoned darts
 h - 32 stones (quivered)
 y - 2 javelins
Armour
 o - a scarf of repulsion (worn)
 x - a +0 chain mail (worn)
 z - a +0 pair of gloves (worn)
Jewellery
 m - a +6 ring of dexterity (left hand)
 A - an amulet of the acrobat (around neck)
Talismans
 u - a flux talisman
Wands
 e - a wand of paralysis (15)
 i - a wand of mindburst (6)
 k - a wand of flame (19)
 v - a wand of acid (12)
Scrolls
 c - a scroll of poison
 f - a scroll of fog {unknown}
 j - a scroll of noise {unknown}
 l - a scroll of teleportation
 n - a scroll of brand weapon
 p - 3 scrolls of immolation
 t - a scroll of silence {unknown}
 D - a scroll of revelation
Potions
 r - a potion of haste {unknown}
 C - a potion of magic
 E - a potion of berserk rage {unknown}


   Skills:
 - Level 2.0 Fighting
 + Level 8.4 Long Blades
 - Level 2.0 Throwing
 - Level 2.0 Armour
 - Level 3.0 Dodging
 - Level 2.0 Stealth
 - Level 2.0 Shields
 - Level 2.0 Unarmed Combat
 + Level 1.7 Evocations
 - Level 1.0 Shapeshifting


You had 7 spell levels left.
You didn't know any spells.
Your spell library contained the following spells:

 Spells                   Type           Power      Damage    Failure   Level
 Blink                    Tloc           0%         N/A       100%        2
 Lesser Beckoning         Tloc           0%         N/A       100%        2
 Momentum Strike          Conj/Tloc      0%         3d8       100%        2
 Conjure Ball Lightning   Conj/Air       0%         3x3d6     100%        6
 Discord                  Hex            0%         N/A       100%        8
 Disjunction              Tloc           0%         N/A       100%        8


Dungeon Overview and Level Annotations

Branches:
Dungeon (6/15)             Temple (1/1) D:6

Altars:
Ashenzari
Cheibriados
Dithmenos
Fedhas
Gozag
Makhleb
Nemelex Xobeh
Okawaru
Qazlal
Ru
Trog
Wu Jian
Xom
Yredelemnul

Annotations:
D:6 1 transporter


Innate Abilities, Weirdness & Mutations

You have a pair of horns on your head.
A weak demonic guardian rushes to your aid.
A meltable shield of frost defends you. (SH +0)
You have a small tail.
Your touch may inflict minor irresistible damage on your foes.


Message History

The unseen horror burns!
The unseen horror hits you but does no damage.
The unseen horror hits you.
You hit the unseen horror but do no damage.
The unseen horror is heavily wounded.
The unseen horror burns!
The unseen horror barely misses you.
You hit the unseen horror but do no damage.
You headbutt the unseen horror.
You touch the unseen horror!
The unseen horror is almost dead.
The unseen horror burns!
The unseen horror dies!
Reactivating autopickup.
The fire elemental closely misses you.
Throw: 3 javelins
Press: ? - help, Shift-Dir - straight line, f - wraith
Aim: a wraith (62% to hit)
You throw a javelin.
The javelin pierces through the fire elemental but does no damage.
The javelin closely misses the wraith.
The fire elemental barely misses you. The fire elemental hits you.
The fire elemental burns you!
Your condensation shield dissipates!
You feel better. The fire elemental hits you. The fire elemental burns you!
You miss the fire elemental. You tail-slap the fire elemental.
The fire elemental is lightly damaged.
The fire elemental hits you. The fire elemental burns you!
* * * LOW HITPOINT WARNING * * *
The deep elf pyromancer gestures wildly while chanting.
The deep elf pyromancer blinks!
You closely miss the fire elemental. You headbutt the fire elemental.
Your tail-slap misses the fire elemental.
You touch the fire elemental!
The fire elemental is heavily damaged.
The fire elemental hits you. The fire elemental burns you!
* * * LOW HITPOINT WARNING * * *
A demonic guardian appears!
You closely miss the fire elemental.
The fire elemental is heavily damaged.
The fire elemental hits you. The fire elemental burns you!
You die...

#.#'##.# ##.###.#
#......####...##.##
##.....#.....©.....##
#........#########..#
........##8☼._.$8##.#
........#.°☼§$!(.○#.#
........#.##§..##§#.#
#.......#☼##§☼§##5#.#
##......#○§○☼§5E@§#.#
##...#.#☼##§§W##§#.#
##+##.#.##☼○.##°#.#
#.##.#.§°§....§#.#
#.##.##8○....8##.#
####.##..#########..#
.##...##.....©.....##
.#.......###...#####
.##............#


You could see a fire elemental (summoned, ally target), a wraith, a white imp
and a friendly quasit (summoned).

Vanquished Creatures
  2 black bears
  A centaur (D:6)
  An ogre (D:6)
  2 scorpions (D:5)
  2 bombardier beetles
  A jelly (D:5)
  2 gnoll boudas (D:4)
  An orc priest (D:4)
  2 hounds
  Ijyb (D:3)
  2 iguanas
  3 orc wizards (D:6)
  Robin (D:2)
  22 gnolls
  11 adders
  2 ufetubi (D:6)
  A dart slug (D:1)
  A ribbon worm (D:5)
  7 orcs
  6 endoplasms
  2 giant cockroaches
  17 goblins
  10 hobgoblins
  5 jackals (D:2)
  7 kobolds
  2 quokkas (D:4)
  5 ball pythons
  2 bats
  2 frilled lizards (D:3)
  6 rats
129 creatures vanquished.

Vanquished Creatures (collateral kills)
  A bombardier beetle (D:4)
1 creature vanquished.

Vanquished Creatures (others)
  An unseen horror (D:6)
1 creature vanquished.

Grand Total: 131 creatures vanquished

Notes
Turn   | Place    | Note
-------+----------+-------------------------------------------
     0 | D:1      | IdlyInterested the Demonspawn Gladiator began the quest for
                  | the Orb.
     0 | D:1      | Reached XP level 1. HP: 16/16 MP: 1/1
   123 | D:1      | Reached skill level 3 in Long Blades
   152 | D:1      | Discovered your monstrous ancestry.
   152 | D:1      | Gained mutation: You have a pair of small horns on your
                  | head. [demonic ancestry]
   152 | D:1      | Reached XP level 2. HP: 22/22 MP: 2/2
   626 | D:2      | Gained mutation: You have a small tail. [demonic ancestry]
   626 | D:2      | Reached XP level 3. HP: 26/27 MP: 3/3
   858 | D:2      | Reached skill level 4 in Long Blades
   951 | D:2      | Noticed Robin
   967 | D:2      | Killed Robin
   968 | D:2      | Reached XP level 4. HP: 18/33 MP: 4/4
   985 | D:2      | Reached skill level 1 in Armour
  1257 | D:2      | Reached skill level 1 in Stealth
  1507 | D:2      | Gained mutation: A weak demonic guardian rushes to your
                  | aid. [demonic ancestry]
  1507 | D:2      | Reached XP level 5. HP: 30/38 MP: 5/5
  1742 | D:3      | Reached skill level 1 in Evocations
  2032 | D:3      | Found a basalt altar of Yredelemnul.
  2071 | D:3      | Noticed Ijyb
  2073 | D:3      | Paralysed by Ijyb for 5 turns
  2082 | D:3      | Paralysed by Ijyb for 2 turns
  2092 | D:3      | Killed Ijyb
  2093 | D:3      | Reached skill level 5 in Long Blades
  2093 | D:3      | Reached skill level 1 in Shapeshifting
  2583 | D:3      | Found a bloodstained altar of Trog.
  2702 | D:4      | Gained mutation: Your touch may inflict minor irresistible
                  | damage on your foes. [demonic ancestry]
  2702 | D:4      | Reached XP level 6. HP: 24/44 MP: 6/6
  3254 | D:4      | Reached skill level 6 in Long Blades
  3620 | D:4      | Gained mutation: A meltable shield of frost defends you.
                  | (SH +0) [demonic ancestry]
  3620 | D:4      | Reached XP level 7. HP: 42/50 MP: 7/7
  3710 | D:3      | Became a worshipper of Trog the Wrathful
  4042 | D:5      | Entered Level 5 of the Dungeon
  4085 | D:5      | Reached skill level 7 in Long Blades
  4369 | D:5      | Reached skill level 1 in Unarmed Combat
  4492 | D:5      | Found a blossoming altar of Fedhas.
  4492 | D:5      | Found an iron altar of Okawaru.
  5133 | D:6      | Noticed a wraith
  5137 | D:6      | Found a shimmering altar of Xom.
  5138 | D:6      | Noticed a deep elf pyromancer
  5455 | D:6      | Reached skill level 1 in Shields
  5460 | D:6      | Gained mutation: You have a pair of horns on your head.
                  | [demonic ancestry]
  5460 | D:6      | Reached XP level 8. HP: 53/56 MP: 8/8
  5535 | D:6      | Found a staircase to the Ecumenical Temple.
  5554 | Temple   | Entered the Ecumenical Temple
  5577 | D:6      | Reached skill level 8 in Long Blades
  5825 | D:6      | Found a transporter.
  5830 | D:6      | Found a transporter.
  6059 | D:6      | Noticed an unseen horror
  6062 | D:6      | Killed an unseen horror
  6067 | D:6      | Slain by a fire elemental

Illustrated notes

Levels and vault maps discovered:
D:1:      tarquinn_simple_flora_water_f, layout_rooms
D:2:      layout_basic, uniq_robin
D:3:      layout_basic, trog_book, mainiacjoe_overflow_24_doors,
          dk_noncrumbling_2, hex_large, uniq_ijyb
D:4:      black_bear_nest_2, layout_basic, minmay_stone_trees_small,
          roderic_lattice_a, minmay_distorted
D:5:      nicolae_cairo_tiling_large, layout_gridville,
          nicolae_overflow_two_pavilions
D:6:      layout_loops_corners, gammafunk_temple_overflow_arena,
          minmay_temple_entry_drinking_statues
Temple:   jpeg_temple_clearing

Skill      XL: |  1  2  3  4  5  6  7  8 |
---------------+-------------------------+-----
Throwing       | 2 |  2.0
Long Blades    | 3 4 5 6 7 8 |  8.4
Dodging        | 3 |  3.0
Armour         | 1 2 |  2.0
Stealth        | 1 2 |  2.0
Evocations     | 1 |  1.7
Shapeshifting  | 1 |  1.0
Unarmed Combat | 2 |  2.0
Shields        | 1 2 |  2.0
Fighting       | |  2.0

Action                     |  1- 3 |  4- 6 |  7- 9 || total
---------------------------+-------+-------+-------++-------
  Melee: Long sword        |    85 |   161 |   100 ||   346
         Headbutt          |    14 |    19 |    16 ||    49
         Tailslap          |     1 |    18 |    21 ||    40
         Touch             |       |    15 |    17 ||    32
         Punch             |       |       |     4 ||     4
  Throw: Dart              |     3 |     6 |    10 ||    19
         Javelin           |       |     4 |     1 ||     5
         Stone             |       |     2 |     2 ||     4
    Use: Potion            |       |     1 |     2 ||     3
         Scroll            |       |     5 |     1 ||     6
 Armour: Leather armour    |    18 |       |       ||    18
         Scale mail        |    46 |    45 |       ||    91
         Chain mail        |       |    43 |    92 ||   135
  Dodge: Dodged            |    59 |    80 |    57 ||   196
  Block: Other             |       |       |    24 ||    24

Table legend: (Time is in decaauts)
 A = Elapsed time spent in this place.
 B = Non-inter-level travel time spent in this place.
 C = Inter-level travel time spent in this place.
 D = Time resting spent in this place.
 E = Time spent auto-exploring this place.
 F = Levels seen in this place.
 G = Mean time per level.
                   A        B        C        D        E       F      G
               +--------+--------+--------+--------+--------+-----+--------+
         Total |   6110 |   5595 |    515 |    784 |   3596 |   7 |  872.9 |
       Dungeon |   6108 |   5593 |    515 |    784 |   3596 |   6 | 1018.0 |
        Temple |      1 |      1 |      0 |      0 |      0 |   1 |    1.0 |
               +--------+--------+--------+--------+--------+-----+--------+

Top non-repeatable levels by time:
     D:4: 1308 daAuts
     D:2: 1278 daAuts
     D:3: 1143 daAuts
     D:5: 1010 daAuts
     D:6: 910 daAuts
     D:1: 459 daAuts
  Temple: 1 daAuts
